 Dungeon Crawl Stone Soup version 0.24-a0-264-gf46a388 (webtiles) character file.

Game seed: 6246655579778415929

44 Lanoc the Chopper (level 3, -1/30 HPs)
             Began as a Draconian Gladiator on Apr 19, 2019.
             Was a Follower of Uskayaw.
             Slain by Crazy Yiuf
             ... wielding a +4 quarterstaff of chaos
              (12 damage)
             ... on level 2 of the Dungeon.
             The game lasted 00:01:31 (1299 turns).

Lanoc the Chopper (Draconian Gladiator)             Turns: 1299, Time: 00:01:32

Health: -1/30      AC:  5    Str: 16    XL:     3   Next: 39%
Magic:  3/3        EV: 13    Int:  8    God:    Uskayaw [*.....]
Gold:   71         SH:  0    Dex: 13    Spells: 2/2 levels left

rFire    . . .     SeeInvis .   a - +0 war axe
rCold    . . .     Gourm    .   (no shield)
rNeg     . . .     Faith    .   (armour unavailable)
rPois    .         Spirit   .   b - +0 hat
rElec    .         Reflect  .   (no cloak)
rCorr    .         Harm     .   (no gloves)
MR       .....                  (no boots)
Stlth    +.........             (no amulet)
HPRegen  0.10/turn              (no ring)
MPRegen  0.08/turn              (no ring)

@: lethally poisoned (-1 -> -5)
A: unfitting armour, cold-blooded, AC +5
a: Stomp, Renounce Religion


You were on level 2 of the Dungeon.
You worshipped Uskayaw.
Uskayaw was noncommittal.
You were not hungry.

You visited 1 branch of the dungeon, and saw 2 of its levels.

You collected 71 gold pieces.

Inventory:

Hand Weapons
 a - a +0 war axe (weapon)
Missiles
 c - 3 throwing nets (quivered)
Armour
 b - a +0 hat (worn)
Scrolls
 e - 2 scrolls of fear {unknown}
 h - a scroll of enchant armour {unknown}
 k - a scroll of immolation {unknown}
Potions
 f - 3 potions of degeneration {unknown}
 g - a potion of brilliance {unknown}
 i - a potion of cancellation {unknown}
 j - a potion of curing {unknown}
Comestibles
 d - 3 rations


   Skills:
 + Level 2.8 Fighting
 * Level 3.8 Axes
 - Level 1.7 Throwing
 + Level 3.1 Dodging


You had 2 spell levels left.
You didn't know any spells.
Your spell library was empty.

Dungeon Overview and Level Annotations

Branches:
Dungeon (2/15)

Altars:
Uskayaw

Annotations:
D:2 Crazy Yiuf


Innate Abilities, Weirdness & Mutations

Your plain brown scales are hard. (AC +5)
You cannot fit into any form of body armour.
You are cold-blooded and may be slowed by cold attacks.


Message History

No reachable target in view!
You open the door. You closely miss Crazy Yiuf.
Crazy Yiuf hits you with a +4 quarterstaff of chaos!
Crazy Yiuf burns you.
You barely miss Crazy Yiuf. Crazy Yiuf misses you.
You slash Crazy Yiuf!
Crazy Yiuf is severely wounded.
Crazy Yiuf hits you with a +4 quarterstaff of chaos.
You are poisoned.
Crazy Yiuf misses you.
You hit Crazy Yiuf but do no damage.
Crazy Yiuf is severely wounded.
You feel sick. Crazy Yiuf barely misses you.
You hit Crazy Yiuf.
Your tail-slap misses Crazy Yiuf.
Crazy Yiuf is almost dead.
Crazy Yiuf yells, "Pitchfork!
Iron spinner green."
Crazy Yiuf hits you with a +4 quarterstaff of chaos.
Space warps horribly around you!
You die...

....##.#
#####...#.#
######.# ##..#.# #
#.# #..#.# # #.#
####.# # #.# #.# #
#.# #.# # #.###♣♣
### #.# # #....P♣♣
♣♣#..)# #.# #
#....P.♣♣♣♣@g...#
#.# #
#.......♣..♣#...#
#.# # ###....♣.♣♣♣
### #.# # ###♣♣♣♣♣
#.# # #.# #
#################.#
#
#......<...(...##.#
#
##############.##.#
# #.##.#


You could see Crazy Yiuf.

Vanquished Creatures
  2 adders (D:2)
  A worm (D:2)
  A dart slug (D:1)
  3 bats
  4 goblins
  5 hobgoblins
  2 kobolds (D:2)
  2 frilled lizards (D:2)
20 creatures vanquished.

Notes
Turn   | Place    | Note
-------+----------+-------------------------------------------
     0 | D:1      | Lanoc the Draconian Gladiator began the quest for the Orb.
     0 | D:1      | Reached XP level 1. HP: 17/17 MP: 1/1
   294 | D:1      | Reached XP level 2. HP: 9/25 MP: 2/2
   616 | D:2      | Noticed a +0 dagger
   616 | D:2      | Noticed a +0 dagger
   618 | D:2      | Found a hide-covered altar of Uskayaw.
   627 | D:2      | Reached XP level 3. HP: 18/30 MP: 3/3
   637 | D:2      | Became a worshipper of Uskayaw the Reveler
   863 | D:2      | Reached * piety under Uskayaw
  1096 | D:2      | Reached ** piety under Uskayaw
  1290 | D:2      | Found a runed translucent door.
  1291 | D:2      | Noticed Crazy Yiuf
  1299 | D:2      | Slain by Crazy Yiuf

Levels and vault maps discovered:
D:1:      lemuel_arrival_funnel, layout_basic, interstate_on_off,
          minmay_lizard_king
D:2:      layout_loops_ring, dancing_weapons_uskayaw, lightli_corner_chamber,
          uniq_crazy_yiuf_cottage

Skill      XL: |  1  2 |
---------------+-------+-----
Dodging        | 3 |  3.1
Fighting       | |  2.8
Axes           | |  3.8
Throwing       | |  1.7

Action                   || total
-------------------------++-------
Melee: War axe           ||    74
       Tailslap          ||     6
 Stab: Sleeping          ||     1
  Eat: Chunk             ||     1
Armor: Skin              ||    14
Dodge: Dodged            ||    56

Table legend:
 A = Non-vault XP
 B = Vault XP
 C = Vault XP percentage of total XP
 D = Non-vault monster count
 E = Vault monster count
 F = Vault count percentage of total count
                 A         B        C        D         E       F
            +---------+---------+-------+---------+---------+-------
      Total |      63 |       0 |   0.0 |      20 |       0 |   0.0
            +---------+---------+-------+---------+---------+-------
        D:1 |      14 |       0 |   0.0 |       6 |       0 |   0.0
        D:2 |      49 |       0 |   0.0 |      14 |       0 |   0.0
            +---------+---------+-------+---------+---------+-------
